Construct Section Command Post
Selects Heavy Armor Battlegroup
Construct Platoon Command Post
Selects Light Vehicle Withdraw and Refit
Selects Rigorous Vehicle Training
Light Vehicle Withdraw and Refit
Construct Field Infirmary
6-pounder Anti-tank Gun Team
Construct Company Command Post
Selects Forward Repair Assembly
Selects UNKNOWN (2162094)
Selects Forward Repair Assembly
Unlock M3 Grant Medium Tanks
Selects Churchill Black Prince Heavy Tank
Churchill Black Prince Heavy Tank